 Dungeon Crawl Stone Soup version 0.30-a0-149-g7f746667c4 (webtiles) character file.

Game seed: 8738372285267194054

141 themarg the Magician (level 5, -15/35 HPs)
             Began as a Djinni Fire Elementalist on Sept 27, 2022.
             Killed from afar by Ijyb (25 damage)
             ... with an iceblast
             ... on level 3 of the Dungeon.
             The game lasted 00:12:00 (4079 turns).

themarg the Magician (Djinni Fire Elementalist)     Turns: 4079, Time: 00:12:01

Health: -15/35     AC:  2    Str:  7    XL:     5   Next: 48%
Gold:   104        EV: 12    Int: 18    God:
                   SH:  0    Dex: 14

rFire   + + .      SeeInvis .    c - +0 dagger
rCold   x . .      Faith    .    (no shield)
rNeg    . . .      Spirit   .    a - +0 robe
rPois   ∞          Reflect  .    (no helmet)
rElec   .          Harm     .    (no cloak)
rCorr   .          Rampage  .    (no gloves)
Will    .....                    (boots unavailable)
Stlth   ++........               (no amulet)
HPRegen 0.11/turn                (no ring)
MPRegen 0.00/turn                (no ring)

@: flying, very slightly contaminated
A: sickness immunity, fire resistance 2, cold vulnerability 1, float, innate
caster, HP casting, extra vitality 1
a: no special abilities


You were on level 3 of the Dungeon.
You visited 1 branch of the dungeon, and saw 3 of its levels.

You collected 104 gold pieces.

Inventory:

Hand Weapons
 c - a +0 dagger (weapon)
Missiles
 l - 5 poisoned darts
Armour
 a - a +0 robe (worn)
Magical Staves
 j - a staff of poison
Wands
 r - a wand of digging (1)
Scrolls
 e - 2 scrolls of amnesia {unknown}
 f - 2 scrolls of teleportation {unknown}
 h - a scroll of immolation {unknown}
 i - a scroll of identify {unknown}
 k - a scroll of poison {unknown}
 n - a scroll of fear {unknown}
 p - a scroll of noise {unknown}
Potions
 b - 2 potions of brilliance {unknown}
 d - 2 potions of might {unknown}
 g - a potion of curing {unknown}
 m - a potion of berserk rage {unknown}
 o - a potion of lignification {unknown}
 q - a potion of degeneration {unknown}
 s - a potion of haste {unknown}


   Skills:
 - Level 2.4 Dodging
 - Level 3.0 Stealth
 + Level 3.8 Spellcasting


You couldn't memorise any spells.
You knew the following spells:

 Your Spells              Type           Power      Damage    Failure   Level
a - Foxfire               Conj/Fire      68%        2x1d7     3%          1
b - Scorch                Fire           34%        2d6       4%          2
c - Kindle Blastsparks    Fire/Tloc/Air  34%        2d12      10%         3
d - Inner Flame           Hex/Fire       17%        N/A       10%         3
e - Flame Wave            Conj/Fire      17%        2d7       30%         4
f - Necrotise             Necr           68%        1d7       3%          1
g - Blink                 Tloc           34%        N/A       4%          2
Your spell library was empty.

Dungeon Overview and Level Annotations

Branches:
Dungeon (3/15)

Altars:
Gozag
Yredelemnul
Zin

Annotations:
D:3 2 runed translucent doors, exclusion: 2 doors, Ijyb; Tollund's ghost, amateur DsEn


Innate Abilities, Weirdness & Mutations

You are immune to sickness and miasma.
You are immune to poison.
Your flesh is very heat resistant. (rF++)
You are vulnerable to cold. (rC-)
You float through the air rather than walking.
You learn spells naturally, not from books.
Your magical power is your life essence.
You have superior vitality. (+4 MHP)


Message History

Aiming: Necrotise (safe; 3% risk of failure)
Press: ? - help, Shift-Dir - straight line, f/p - ball python
Aim: a ball python (severely wounded, ally target, chance to affect: 87%)
The ball python writhes in agony.
You kill the ball python!
The dead are slithering!
Found a stone staircase leading up.
Your kobold skeleton crumbles into dust!
Found a murky yellow potion.
Your ball python skeleton crumbles into dust!
s - a murky yellow potion
There is an open door here.
Ijyb the Twisted Goblin comes into view.
She is wielding a +0 dagger and carrying a wand of iceblast (7).
Press: ? - help, v - describe, . - travel
Here: Ijyb, wielding a +0 dagger, wearing a +0 scale mail and carrying a wand of iceblast (7) (asleep)
The floor.
Casting: Necrotise (safe; 3% risk of failure)
Confirm with . or Enter, or press ? or * to list all spells.
The spell is quite dangerous to miscast (10% risk of failure)!
Continue anyway?
A cloud of volatile blastsparks flares up around you!
Ijyb shouts!
The cloud of blastsparks explodes!
The concussive blast engulfs Ijyb!
Ijyb is moderately wounded.
Casting: Kindle Blastsparks (quite dangerous; 10% risk of failure)
Confirm with . or Enter, or press ? or * to list all spells.
You miscast Scorch.
You are very lightly contaminated with residual magic.
Nothing appears to happen.
Ijyb zaps a wand.
The mass of ice explodes!
The iceblast engulfs you!!
You feel a painful chill!
Ouch! That really hurt!
Okay, then.
Okay, then.
Casting: Scorch (safe; 4% risk of failure)
Confirm with . or Enter, or press ? or * to list all spells.
Flames lash Ijyb but do no damage.
* * * LOW HITPOINT WARNING * * *
Ijyb zaps a wand.
The mass of ice explodes!
The iceblast engulfs you!!
You feel a painful chill!
Ouch! That really hurt!
You die...

#.........###.............
#..........÷..............
#.........##......##......
#.........###....###....##
#..........###..###.......
#...........######........
#............# #.........
...........# #.........
.......@..## ##........
.........## ##.......
#####.#g## ##...... #...#
#...... ##... .......
#.... ####### ###### # # #


You could see Ijyb.

Vanquished Creatures
  An orc priest (D:3)
  3 adders
  A worm (D:2)
  4 dart slugs
  11 orcs (D:3)
  3 giant cockroaches
  4 goblins
  5 hobgoblins
  2 jackals (D:2)
  4 ball pythons
  7 bats
  3 frilled lizards
  7 kobolds
  10 rats
65 creatures vanquished.

Vanquished Creatures (collateral kills)
  A hobgoblin (D:1)
  A kobold (D:1)
  5 foxfires (D:1)
7 creatures vanquished.

Vanquished Creatures (others)
  92 foxfires
  A fungus (D:1)
93 creatures vanquished.

Grand Total: 165 creatures vanquished

Notes
Turn   | Place    | Note
-------+----------+-------------------------------------------
     0 | D:1      | themarg the Djinni Fire Elementalist began the quest for
                  | the Orb.
     0 | D:1      | themarg set off with the following spells memorised:
                  | Foxfire, Scorch, Kindle Blastsparks, Inner Flame, Flame
                  | Wave.
     0 | D:1      | Reached XP level 1. HP: 15/15 MP: 0/0
   276 | D:1      | Reached XP level 2. HP: 19/21 MP: 0/0
   956 | D:1      | Reached XP level 3. HP: 17/25 MP: 0/0
   956 | D:1      | Learned a level 1 spell: Necrotise
  2009 | D:2      | Found a faded altar of an unknown god.
  2380 | D:2      | Reached XP level 4. HP: 25/31 MP: 0/0
  3077 | D:3      | Found a large runed translucent door.
  3077 | D:3      | Found a large runed translucent door.
  3080 | D:3      | Noticed Tollund's ghost (amateur DsEn)
  3251 | D:3      | Reached XP level 5. HP: 31/35 MP: 0/0
  3251 | D:3      | Learned a level 2 spell: Blink
  3720 | D:3      | Found a glowing silver altar of Zin.
  3742 | D:3      | Found an opulent altar of Gozag.
  3782 | D:3      | Found a basalt altar of Yredelemnul.
  4074 | D:3      | Noticed Ijyb
  4079 | D:3      | Killed from afar by Ijyb

Illustrated notes

Levels and vault maps discovered:
D:1:      dpeg_arrival_prison, layout_loops_ring, serial_forest,
          infiniplex_forest_clump_medium, infiniplex_forest_diagonal,
          infiniplex_forest_end_1, infiniplex_forest_clump_medium,
          infiniplex_forest_straight_4
D:2:      layout_loops_ring, dreamdust_ecumenical_altar_angels_and_demons
D:3:      layout_basic, pdpol_temple_overflow_zin_treasury_gozag_greed,
          mainiacjoe_overflow_surrounded_room, ebering_ghost_disaster_area,
          minivault_19, uniq_ijyb

Skill      XL: |  1  2  3  4 |
---------------+-------------+-----
Stealth        | 2 3 |  3.0
Spellcasting   | 3 |  3.8
Dodging        | |  2.4

Action                   |  1- 3 |  4- 6 || total
-------------------------+-------+-------++-------
Melee: Unarmed           |     5 |       ||     5
 Cast: Foxfire           |    47 |    25 ||    72
       Scorch            |     7 |    13 ||    20
       Necrotise         |    22 |    17 ||    39
       Kindle Blastspark |       |     3 ||     3
Armor: Robe              |     3 |     3 ||     6
Dodge: Dodged            |     7 |    11 ||    18

Table legend: (Time is in decaauts)
 A = Elapsed time spent in this place.
 B = Non-inter-level travel time spent in this place.
 C = Inter-level travel time spent in this place.
 D = Time resting spent in this place.
 E = Time spent auto-exploring this place.
 F = Levels seen in this place.
 G = Mean time per level.
                   A        B        C        D        E       F      G
               +--------+--------+--------+--------+--------+-----+--------+
         Total |   4079 |   3979 |    100 |   1694 |   1645 |   3 | 1359.7 |
       Dungeon |   4079 |   3979 |    100 |   1694 |   1645 |   3 | 1359.7 |
               +--------+--------+--------+--------+--------+-----+--------+

Top non-repeatable levels by time:
     D:1: 1868 daAuts
     D:2: 1247 daAuts
     D:3: 963 daAuts
